Jets vs Panthers

Created - May 1, 2016 at 18:35

Goals
1 2 3 T
Jets 0 1 1 2
Panthers 2 1 1 4
Shots
1 2 3 T
Jets 15 9 10 34
Panthers 15 8 9 32

1st period

1. Panthers , Vladimir Tarasenko 14 (Pavel Datsyuk) at 8:39 (PP)
2. Panthers , Blake Wheeler 6 (Jeff Petry, Patrick Kane) at 8:47

Penalties :
Justin Braun (FLA) for Slashing (Minor) at 3:19, Joe Pavelski (WPG) for Slashing (Minor) at 7:22

2nd period

3. Jets , Jamie Benn 12 (Tobias Enstrom, Joe Pavelski) at 11:48 (PP)
4. Panthers , Vladimir Tarasenko 15 (Pavel Datsyuk, Henrik Zetterberg) at 12:38

Penalties :
Marc Staal (FLA) for Roughing (Minor) at 11:12, Marko Dano (FLA) for Hooking (Minor) at 13:24, Curtis Glencross (FLA) for High sticking (Minor) at 15:38

3rd period

5. Jets , Brad Marchand 5 (Joe Pavelski, Tyler Myers) at 10:54
6. Panthers , Blake Wheeler 7 (Pavel Datsyuk, T.J. Brodie) at 19:25 (Empty Net)

Penalties :
Jamie Benn (WPG) for Roughing (Minor) at 0:31, Brad Marchand (WPG) for Holding (Minor) at 4:49, Patrick Eaves (WPG) for Tripping (Minor) at 14:35, Blake Wheeler (FLA) for Slashing (Minor) at 14:40, Frans Nielsen (WPG) for Hooking (Minor) at 14:40

Goalie Stats

Cory Schneider (WPG), 28 saves from 31 shots - (0.903), L, 12-3-1, 59:38 minutes
Semyon Varlamov (FLA), 32 saves from 34 shots - (0.941), W, 15-7-1, 60:00 minutes

Players Stats for Jets

Player Name              G  A  P  +/- PIM S  H  SB GA TA FO     MP     PP MP  PK MP  
------------------------------------------------------------------------------------
Boyd Gordon              0  0  0   0  0   0  0  0  0  0  0/0     2:59   0:00   2:59 
Brad Marchand            1  0  1   0  2   4  1  0  0  0  2/2    16:21   0:00   0:00 
Brent Seabrook           0  0  0   0  0   2  1  2  0  0  0/0    21:19   2:28   3:09 
Brett Connolly           0  0  0   0  0   0  0  0  0  0  0/0     0:00   0:00   0:00 
Cam Atkinson             0  0  0  -1  0   2  0  0  0  0  0/2    19:56   3:02   2:21 
David Krejci             0  0  0  -1  0   0  2  0  0  0  15/24  18:10   3:02   0:35 
Dylan Olsen              0  0  0   0  0   0  0  1  0  0  0/0    14:07   0:00   0:00 
Frans Nielsen            0  0  0   0  2   3  0  0  0  0  3/6     6:30   3:02   2:58 
Hampus Lindholm          0  0  0  -2  0   3  3  0  0  0  0/0    24:34   4:05   4:05 
Jamie Benn               1  0  1  -2  2   7  0  0  0  0  0/0    19:29   3:31   0:00 
Jason Zucker             0  0  0   0  0   2  1  0  0  0  0/0    13:17   0:00   0:00 
Joe Pavelski             0  2  2  -1  2   4  1  2  0  0  15/29  21:53   3:31   0:00 
Kyle Okposo              0  0  0  -1  0   2  0  0  0  0  1/1    21:54   3:31   0:00 
Nick Bonino              0  0  0   0  0   3  0  1  0  0  10/19  16:57   0:00   3:40 
Nicklas Grossmann        0  0  0   0  0   0  1  0  0  0  0/0    14:07   0:00   0:00 
Patrick Eaves            0  0  0   0  2   0  3  0  0  0  1/1    13:16   0:00   0:00 
Tobias Enstrom           0  1  1  -2  0   1  0  1  0  0  0/0    22:36   4:05   4:05 
Tyler Myers              0  1  1   0  0   1  0  1  0  0  0/0    23:17   2:28   3:09 

Players Stats for Panthers

Player Name              G  A  P  +/- PIM S  H  SB GA TA FO     MP     PP MP  PK MP  
------------------------------------------------------------------------------------
Blake Wheeler            2  0  2   1  2   5  5  1  0  0  1/1    21:36   2:49   2:28 
Curtis Glencross         0  0  0   0  2   1  1  1  0  0  0/1    11:55   0:00   0:32 
Danny DeKeyser           0  0  0   0  0   0  1  3  0  0  0/0    19:36   0:00   3:29 
Eric Nystrom             0  0  0   1  0   1  0  0  0  0  0/1     7:40   0:00   3:33 
Henrik Zetterberg        0  1  1   1  0   2  1  0  0  0  0/0    18:14   2:30   0:32 
Jeff Petry               0  1  1   2  0   0  2  0  0  0  0/0    16:16   1:22   0:00 
Jori Lehtera             0  0  0   0  0   4  0  0  0  0  4/12   12:51   0:00   0:00 
Justin Braun             0  0  0  -1  2   1  0  2  0  0  0/0    18:23   1:22   0:18 
Kyle Quincey             0  0  0   2  0   0  0  1  0  0  0/0    16:37   0:00   2:46 
Marc Staal               0  0  0   0  2   3  4  2  0  0  0/0    23:56   3:58   2:46 
Marko Dano               0  0  0   0  2   0  1  0  0  0  0/2    11:23   0:00   0:00 
Nathan MacKinnon         0  0  0   0  0   1  1  0  0  0  12/24  18:47   2:50   0:00 
Patrick Kane             0  1  1   0  0   6  0  0  0  0  1/2    18:47   2:50   0:00 
Pavel Datsyuk            0  3  3   2  0   3  2  1  0  0  15/32  20:32   2:30   2:28 
Pierre-Edouard Bellemare 0  0  0   0  0   0  2  0  0  0  0/0     3:45   0:00   0:00 
Riley Nash               0  0  0   0  0   0  0  0  0  0  4/9     7:18   0:00   3:33 
T.J. Brodie              0  1  1   1  0   1  0  3  0  0  0/0    25:10   3:58   3:47 
Vladimir Tarasenko       2  0  2   1  0   4  1  0  0  0  0/0    18:37   2:30   0:00 

3 Stars

1 - Blake Wheeler (FLA)
2 - Vladimir Tarasenko (FLA)
3 - Pavel Datsyuk (FLA)

Power Play

Jets - 1 on 4 Attempt(s) - 25.00%
Panthers - 1 on 4 Attempt(s) - 25.00%

Penalty Kill

Jets - 3 on 4 Attempt(s) - 75.00% - Score 0 goal in Penalty Kill
Panthers - 3 on 4 Attempt(s) - 75.00% - Score 0 goal in Penalty Kill

Team Stat

Jets - Hits : 13 - Faceoff Wins : 47 - Blocked Shots : 8 - Penalty Minutes : 10
Panthers - Hits : 21 - Faceoff Wins : 37 - Blocked Shots : 14 - Penalty Minutes : 10

Official

Referees : Wes McCauley and Eric Furlatt
Linesman : David Brisebois and Anthony Sericolo

Game Notes

Blake Wheeler has scored in a empty net!

Finance

Level 1 -- Attendance: 6000 (100.00%) -- Ticket Income $642,000
Level 2 -- Attendance: 5000 (100.00%) -- Ticket Income $385,000
Level 3 -- Attendance: 3500 (100.00%) -- Ticket Income $182,000
Level 4 -- Attendance: 3750 (100.00%) -- Ticket Income $86,250
Luxury Box -- Attendance: 1000 (100.00%) -- Ticket Income $200,000
Game was played at the BBT Center.
Total Attendance: 19250 (100.00%)
Total Ticket Income: $1,495,250
Other Income: $224,288
Total Income: $1,719,538

% Time on Ice - Jets

Lines # - Real PCT - Wanted PCT - Time Play
Normal Forward
1 - 36% - 34% - 16:22
2 - 32% - 33% - 14:33
3 - 29% - 21% - 13:17
4 - 3% - 12% - 1:34
Normal Defense
1 - 34% - 35% - 15:42
2 - 31% - 32% - 13:59
3 - 31% - 23% - 14:07
4 - 4% - 10% - 1:58
PP Forward
1 - 54% - 63% - 3:31
2 - 46% - 37% - 3:02
PP Defense
1 - 62% - 70% - 4:05
2 - 38% - 30% - 2:28
PK Forward
1 - 44% - 50% - 2:21
2 - 56% - 50% - 2:59
PK Defense
1 - 62% - 60% - 3:17
2 - 38% - 40% - 2:03
PK3 Forward
1 - 100% - 70% - 1:54
2 - 0% - 30% - 0:00
PK3 Defense
1 - 42% - 60% - 0:48
2 - 58% - 40% - 1:06
44 Forward
1 - 100% - 50% - 0:05
2 - 0% - 50% - 0:00
44 Defense
1 - 0% - 51% - 0:00
2 - 100% - 49% - 0:05
Last Minute Offensive  - 0:22
Last Minute Defensive  - 0:00
Total
Forward - 60:00
Defense - 60:00

% Time on Ice - Panthers

Lines # - Real PCT - Wanted PCT - Time Play
Normal Forward
1 - 35% - 37% - 15:57
2 - 32% - 35% - 14:40
3 - 25% - 22% - 11:24
4 - 8% - 6% - 3:45
Normal Defense
1 - 35% - 41% - 16:07
2 - 35% - 39% - 15:48
3 - 30% - 20% - 13:51
4 - 0% - 0% - 0:00
PP Forward
1 - 53% - 50% - 2:50
2 - 47% - 50% - 2:30
PP Defense
1 - 74% - 55% - 3:58
2 - 26% - 45% - 1:22
PK Forward
1 - 62% - 60% - 4:05
2 - 38% - 40% - 2:28
PK Defense
1 - 53% - 60% - 3:29
2 - 47% - 40% - 3:04
PK3 Forward
1 - 0% - 60%
2 - 0% - 40%
PK3 Defense
1 - 0% - 60%
2 - 0% - 40%
44 Forward
1 - 73% - 60% - 1:27
2 - 27% - 40% - 0:32
44 Defense
1 - 47% - 60% - 0:56
2 - 53% - 40% - 1:03
Last Minute Offensive  - 0:00
Last Minute Defensive  - 0:22
Total
Forward - 60:00
Defense - 60:00

Play by Play

1st period


0:01 of 1st period - Joe Pavelski wins face-off versus Patrick Kane in neutral zone.
0:13 of 1st period - Shot by Brad Marchand.
0:13 of 1st period - Shot Misses the Net.
0:17 of 1st period - Shot by Joe Pavelski.
0:17 of 1st period - Shot Misses the Net.
0:19 of 1st period - Shot by Brad Marchand.
0:19 of 1st period - Stopped by Semyon Varlamov without a rebound.
0:20 of 1st period - David Krejci wins face-off versus Pavel Datsyuk in Panthers zone.
0:35 of 1st period - Shot by Jamie Benn.
0:35 of 1st period - Stopped by Semyon Varlamov with a rebound.
0:37 of 1st period - Shot by Jamie Benn.
0:37 of 1st period - Stopped by Semyon Varlamov with a rebound.
0:39 of 1st period - Shot by David Krejci.
0:39 of 1st period - Shot Misses the Net.
0:41 of 1st period - Shot by Tobias Enstrom.
0:41 of 1st period - Shot Blocked by Justin Braun.
1:30 of 1st period - Jori Lehtera is hit by Patrick Eaves and loses puck.
1:42 of 1st period - Dylan Olsen is hit by Jeff Petry and loses puck.
1:50 of 1st period - Icing by Jeff Petry.
1:51 of 1st period - Brad Marchand wins face-off versus Jori Lehtera in Panthers zone.
2:49 of 1st period - Brad Marchand is hit by Blake Wheeler and loses puck.
2:58 of 1st period - Shot by Patrick Kane.
2:58 of 1st period - Stopped by Cory Schneider without a rebound.
2:59 of 1st period - David Krejci wins face-off versus Riley Nash in Jets zone.
2:59 of 1st period - David Krejci is hit by Pierre-Edouard Bellemare.
3:13 of 1st period - Jamie Benn is hit by Pierre-Edouard Bellemare and loses puck.
3:19 of 1st period - Minor Penalty to Justin Braun for Slashing.
3:20 of 1st period - Riley Nash wins face-off versus David Krejci in Panthers zone.
3:37 of 1st period - Shot by Frans Nielsen.
3:37 of 1st period - Shot Misses the Net.
3:39 of 1st period - Shot by Hampus Lindholm.
3:39 of 1st period - Stopped by Semyon Varlamov with a rebound.
4:26 of 1st period - Shot by Joe Pavelski.
4:26 of 1st period - Shot Misses the Net.
4:28 of 1st period - Shot by Brent Seabrook.
4:28 of 1st period - Shot Blocked by Blake Wheeler.
4:30 of 1st period - Shot by Tyler Myers.
4:30 of 1st period - Stopped by Semyon Varlamov without a rebound.
4:31 of 1st period - David Krejci wins face-off versus Riley Nash in Panthers zone.
4:36 of 1st period - Shot by Cam Atkinson.
4:36 of 1st period - Shot Misses the Net.
4:38 of 1st period - Shot by Tobias Enstrom.
4:38 of 1st period - Shot Misses the Net.
4:40 of 1st period - Shot by Frans Nielsen.
4:40 of 1st period - Shot Misses the Net.
4:53 of 1st period - Icing by Hampus Lindholm.
4:54 of 1st period - Pavel Datsyuk wins face-off versus David Krejci in Jets zone.
5:18 of 1st period - Icing by Brent Seabrook.
5:19 of 1st period - Jori Lehtera wins face-off versus Nick Bonino in Jets zone.
5:34 of 1st period - Shot by Curtis Glencross.
5:34 of 1st period - Deflect By Jori Lehtera.
5:34 of 1st period - Shot Blocked by Dylan Olsen.
5:37 of 1st period - Icing by Dylan Olsen.
5:38 of 1st period - Nick Bonino wins face-off versus Nathan MacKinnon in Jets zone.
5:47 of 1st period - Shot by Nick Bonino.
5:47 of 1st period - Shot Misses the Net.
5:49 of 1st period - Shot by Nick Bonino.
5:49 of 1st period - Shot Misses the Net.
5:53 of 1st period - Shot by Jason Zucker.
5:53 of 1st period - Shot Misses the Net.
6:20 of 1st period - Icing by Patrick Kane.
6:21 of 1st period - David Krejci wins face-off versus Nathan MacKinnon in Panthers zone.
6:34 of 1st period - Shot by Hampus Lindholm.
6:34 of 1st period - Stopped by Semyon Varlamov without a rebound.
6:35 of 1st period - Joe Pavelski wins face-off versus Pavel Datsyuk in Panthers zone.
6:40 of 1st period - Shot by Kyle Okposo.
6:40 of 1st period - Shot Misses the Net.
6:46 of 1st period - Brent Seabrook is hit by Pavel Datsyuk and loses puck.
6:51 of 1st period - Shot by Pavel Datsyuk.
6:51 of 1st period - Shot Blocked by Brent Seabrook.
6:53 of 1st period - Shot by Henrik Zetterberg.
6:53 of 1st period - Stopped by Cory Schneider without a rebound.
6:54 of 1st period - David Krejci wins face-off versus Jori Lehtera in Jets zone.
6:54 of 1st period - David Krejci is hit by Curtis Glencross.
7:15 of 1st period - Shot by Jori Lehtera.
7:15 of 1st period - Stopped by Cory Schneider without a rebound.
7:16 of 1st period - Joe Pavelski wins face-off versus Pavel Datsyuk in Jets zone.
7:22 of 1st period - Minor Penalty to Joe Pavelski for Slashing.
7:23 of 1st period - Nathan MacKinnon wins face-off versus Nick Bonino in Jets zone.
7:33 of 1st period - Icing by Marc Staal.
7:34 of 1st period - Frans Nielsen wins face-off versus Nathan MacKinnon in Panthers zone.
7:44 of 1st period - Icing by Blake Wheeler.
7:45 of 1st period - Nathan MacKinnon wins face-off versus Nick Bonino in Panthers zone.
7:52 of 1st period - Shot by T.J. Brodie.
7:52 of 1st period - Stopped by Cory Schneider without a rebound.
7:53 of 1st period - Frans Nielsen wins face-off versus Pavel Datsyuk in Jets zone.
8:03 of 1st period - Henrik Zetterberg is hit by Brent Seabrook and loses puck.
8:33 of 1st period - Icing by T.J. Brodie.
8:34 of 1st period - Pavel Datsyuk wins face-off versus Nick Bonino in Panthers zone.
8:39 of 1st period - Shot by Vladimir Tarasenko.
8:39 of 1st period - Goal by Vladimir Tarasenko - Jets : 0 - Panthers : 1.
8:40 of 1st period - Nathan MacKinnon wins face-off versus David Krejci in neutral zone.
8:43 of 1st period - Shot by Patrick Kane.
8:43 of 1st period - Shot Misses the Net.
8:47 of 1st period - Shot by Blake Wheeler.
8:47 of 1st period - Goal by Blake Wheeler - Jets : 0 - Panthers : 2.
8:48 of 1st period - Joe Pavelski wins face-off versus Nathan MacKinnon in neutral zone.
9:24 of 1st period - Icing by Danny DeKeyser.
9:25 of 1st period - Nathan MacKinnon wins face-off versus David Krejci in Panthers zone.
9:34 of 1st period - Shot by Blake Wheeler.
9:34 of 1st period - Stopped by Cory Schneider without a rebound.
9:35 of 1st period - Pavel Datsyuk wins face-off versus Cam Atkinson in Jets zone.
9:42 of 1st period - Shot by Vladimir Tarasenko.
9:42 of 1st period - Shot Blocked by Brent Seabrook.
9:44 of 1st period - Shot by Marc Staal.
9:44 of 1st period - Stopped by Cory Schneider with a rebound.
9:54 of 1st period - Shot by Vladimir Tarasenko.
9:54 of 1st period - Shot Misses the Net.
10:10 of 1st period - Shot by Pavel Datsyuk.
10:10 of 1st period - Stopped by Cory Schneider without a rebound.
10:11 of 1st period - Joe Pavelski wins face-off versus Nathan MacKinnon in Jets zone.
10:30 of 1st period - Shot by Blake Wheeler.
10:30 of 1st period - Deflect By Patrick Kane.
10:30 of 1st period - Stopped by Cory Schneider without a rebound.
10:31 of 1st period - Patrick Eaves wins face-off versus Marko Dano in Jets zone.
11:35 of 1st period - Shot by Joe Pavelski.
11:35 of 1st period - Shot Misses the Net.
11:37 of 1st period - Shot by Kyle Okposo.
11:37 of 1st period - Shot Misses the Net.
11:39 of 1st period - Shot by Kyle Okposo.
11:39 of 1st period - Shot Blocked by T.J. Brodie.
12:33 of 1st period - Shot by Cam Atkinson.
12:33 of 1st period - Stopped by Semyon Varlamov with a rebound.
12:35 of 1st period - Shot by Hampus Lindholm.
12:35 of 1st period - Shot Misses the Net.
12:37 of 1st period - Shot by Frans Nielsen.
12:37 of 1st period - Stopped by Semyon Varlamov with a rebound.
12:39 of 1st period - Shot by Frans Nielsen.
12:39 of 1st period - Shot Misses the Net.
12:41 of 1st period - Shot by Frans Nielsen.
12:41 of 1st period - Stopped by Semyon Varlamov with a rebound.
12:43 of 1st period - Shot by Frans Nielsen.
12:43 of 1st period - Shot Hit the Post.
12:45 of 1st period - Shot by Frans Nielsen.
12:45 of 1st period - Shot Blocked by Danny DeKeyser.
12:47 of 1st period - Shot by Tobias Enstrom.
12:47 of 1st period - Stopped by Semyon Varlamov without a rebound.
12:48 of 1st period - Nathan MacKinnon wins face-off versus Nick Bonino in Panthers zone.
12:48 of 1st period - Nathan MacKinnon is hit by Jason Zucker.
13:18 of 1st period - Shot by Jason Zucker.
13:18 of 1st period - Stopped by Semyon Varlamov with a rebound.
13:59 of 1st period - Shot by Cam Atkinson.
13:59 of 1st period - Shot Misses the Net.
14:01 of 1st period - Shot by Jamie Benn.
14:01 of 1st period - Shot Misses the Net.
14:11 of 1st period - Jamie Benn is hit by Blake Wheeler and loses puck.
14:25 of 1st period - Icing by Marc Staal.
14:26 of 1st period - Blake Wheeler wins face-off versus Joe Pavelski in Panthers zone.
14:53 of 1st period - Shot by Joe Pavelski.
14:53 of 1st period - Stopped by Semyon Varlamov without a rebound.
14:54 of 1st period - Nick Bonino wins face-off versus Pavel Datsyuk in Panthers zone.
15:09 of 1st period - Shot by Jason Zucker.
15:09 of 1st period - Shot Misses the Net.
15:49 of 1st period - Shot by Brad Marchand.
15:49 of 1st period - Shot Misses the Net.
15:51 of 1st period - Shot by Brent Seabrook.
15:51 of 1st period - Stopped by Semyon Varlamov without a rebound.
15:52 of 1st period - David Krejci wins face-off versus Curtis Glencross in Panthers zone.
15:59 of 1st period - Shot by Jamie Benn.
15:59 of 1st period - Stopped by Semyon Varlamov with a rebound.
16:01 of 1st period - Shot by David Krejci.
16:01 of 1st period - Shot Misses the Net.
16:03 of 1st period - Shot by Tyler Myers.
16:03 of 1st period - Shot Misses the Net.
16:23 of 1st period - Shot by Jori Lehtera.
16:23 of 1st period - Stopped by Cory Schneider without a rebound.
16:24 of 1st period - Joe Pavelski wins face-off versus Riley Nash in Jets zone.
17:01 of 1st period - Icing by Brent Seabrook.
17:02 of 1st period - Pavel Datsyuk wins face-off versus Joe Pavelski in Jets zone.
17:27 of 1st period - Shot by Pavel Datsyuk.
17:27 of 1st period - Shot Blocked by Tobias Enstrom.
17:29 of 1st period - Shot by Pavel Datsyuk.
17:29 of 1st period - Deflect By Henrik Zetterberg.
17:29 of 1st period - Shot Misses the Net.
17:31 of 1st period - Shot by Henrik Zetterberg.
17:31 of 1st period - Stopped by Cory Schneider without a rebound.
17:32 of 1st period - Nick Bonino wins face-off versus Nathan MacKinnon in Jets zone.
18:12 of 1st period - Shot by Patrick Kane.
18:12 of 1st period - Stopped by Cory Schneider without a rebound.
18:13 of 1st period - Joe Pavelski wins face-off versus Pavel Datsyuk in Jets zone.
18:51 of 1st period - Shot by Jamie Benn.
18:51 of 1st period - Stopped by Semyon Varlamov without a rebound.
18:52 of 1st period - Jori Lehtera wins face-off versus Nick Bonino in Panthers zone.
18:52 of 1st period - Kyle Quincey is hit by Patrick Eaves and loses puck.
19:13 of 1st period - Shot by Curtis Glencross.
19:13 of 1st period - Shot Blocked by Tyler Myers.
19:29 of 1st period - Shot by Jori Lehtera.
19:29 of 1st period - Stopped by Cory Schneider without a rebound.
19:30 of 1st period - Nathan MacKinnon wins face-off versus Joe Pavelski in Jets zone.
19:42 of 1st period - Shot by Patrick Kane.
19:42 of 1st period - Shot Misses the Net.
19:52 of 1st period - Shot by Patrick Kane.
19:52 of 1st period - Stopped by Cory Schneider without a rebound.
19:53 of 1st period - David Krejci wins face-off versus Pavel Datsyuk in Jets zone.
Goals for this period are 0 for Jets vs 2 for Panthers.
Shots for this period are 15 for Jets vs 15 for Panthers.

2nd period


0:01 of 2nd period - Joe Pavelski wins face-off versus Pavel Datsyuk in neutral zone.
0:01 of 2nd period - Joe Pavelski is hit by Henrik Zetterberg.
0:14 of 2nd period - Vladimir Tarasenko is hit by Hampus Lindholm and loses puck.
0:33 of 2nd period - Shot by Pavel Datsyuk.
0:33 of 2nd period - Stopped by Cory Schneider without a rebound.
0:34 of 2nd period - David Krejci wins face-off versus Nathan MacKinnon in Jets zone.
0:54 of 2nd period - Dylan Olsen is hit by Blake Wheeler and loses puck.
1:05 of 2nd period - Shot by Jamie Benn.
1:05 of 2nd period - Shot Blocked by T.J. Brodie.
1:15 of 2nd period - Jamie Benn is hit by Nathan MacKinnon and loses puck.
1:19 of 2nd period - Icing by Nicklas Grossmann.
1:20 of 2nd period - Pavel Datsyuk wins face-off versus David Krejci in Jets zone.
3:14 of 2nd period - Patrick Kane is hit by Hampus Lindholm and loses puck.
3:38 of 2nd period - Shot by Patrick Kane.
3:38 of 2nd period - Stopped by Cory Schneider with a rebound.
4:11 of 2nd period - Shot by Cam Atkinson.
4:11 of 2nd period - Stopped by Semyon Varlamov without a rebound.
4:12 of 2nd period - David Krejci wins face-off versus Pavel Datsyuk in Panthers zone.
4:26 of 2nd period - Henrik Zetterberg is hit by Nicklas Grossmann and loses puck.
4:49 of 2nd period - Shot by Cam Atkinson.
4:49 of 2nd period - Shot Misses the Net.
5:09 of 2nd period - Shot by Patrick Eaves.
5:09 of 2nd period - Shot Blocked by Marc Staal.
5:44 of 2nd period - Jori Lehtera is hit by Patrick Eaves and loses puck.
5:55 of 2nd period - Shot by Curtis Glencross.
5:55 of 2nd period - Shot Misses the Net.
6:25 of 2nd period - Shot by Brad Marchand.
6:25 of 2nd period - Shot Misses the Net.
6:27 of 2nd period - Shot by Brent Seabrook.
6:27 of 2nd period - Stopped by Semyon Varlamov without a rebound.
6:28 of 2nd period - Nathan MacKinnon wins face-off versus Cam Atkinson in Panthers zone.
7:09 of 2nd period - Shot by Blake Wheeler.
7:09 of 2nd period - Stopped by Cory Schneider without a rebound.
7:10 of 2nd period - Pavel Datsyuk wins face-off versus Joe Pavelski in Jets zone.
7:11 of 2nd period - Shot by Vladimir Tarasenko.
7:11 of 2nd period - Stopped by Cory Schneider without a rebound.
7:12 of 2nd period - Joe Pavelski wins face-off versus Pavel Datsyuk in Jets zone.
7:21 of 2nd period - Shot by Brad Marchand.
7:21 of 2nd period - Stopped by Semyon Varlamov with a rebound.
7:44 of 2nd period - Icing by Joe Pavelski.
7:45 of 2nd period - Joe Pavelski wins face-off versus Nathan MacKinnon in Jets zone.
7:45 of 2nd period - Joe Pavelski is hit by Blake Wheeler.
8:03 of 2nd period - Shot by Kyle Okposo.
8:03 of 2nd period - Stopped by Semyon Varlamov without a rebound.
8:04 of 2nd period - Riley Nash wins face-off versus David Krejci in Panthers zone.
8:14 of 2nd period - Shot by Eric Nystrom.
8:14 of 2nd period - Stopped by Cory Schneider with a rebound.
8:16 of 2nd period - Shot by Jeff Petry.
8:16 of 2nd period - Shot Misses the Net.
9:23 of 2nd period - Shot by Nick Bonino.
9:23 of 2nd period - Shot Misses the Net.
9:25 of 2nd period - Shot by Jason Zucker.
9:25 of 2nd period - Shot Blocked by Kyle Quincey.
9:27 of 2nd period - Shot by Nick Bonino.
9:27 of 2nd period - Stopped by Semyon Varlamov with a rebound.
9:29 of 2nd period - Shot by Jason Zucker.
9:29 of 2nd period - Shot Misses the Net.
10:57 of 2nd period - Off-side.
10:58 of 2nd period - Pavel Datsyuk wins face-off versus David Krejci in neutral zone.
11:12 of 2nd period - Minor Penalty to Marc Staal for Roughing.
11:13 of 2nd period - Pavel Datsyuk wins face-off versus Joe Pavelski in Panthers zone.
11:40 of 2nd period - Shot by Tobias Enstrom.
11:40 of 2nd period - Shot Misses the Net.
11:42 of 2nd period - Shot by Tobias Enstrom.
11:42 of 2nd period - Shot Misses the Net.
11:44 of 2nd period - Shot by Joe Pavelski.
11:44 of 2nd period - Shot Blocked by Curtis Glencross.
11:46 of 2nd period - Shot by Tobias Enstrom.
11:46 of 2nd period - Shot Misses the Net.
11:48 of 2nd period - Shot by Jamie Benn.
11:48 of 2nd period - Goal by Jamie Benn - Jets : 1 - Panthers : 2.
11:49 of 2nd period - David Krejci wins face-off versus Nathan MacKinnon in neutral zone.
12:14 of 2nd period - Shot by Patrick Kane.
12:14 of 2nd period - Stopped by Cory Schneider with a rebound.
12:16 of 2nd period - Shot by Marc Staal.
12:16 of 2nd period - Stopped by Cory Schneider without a rebound.
12:17 of 2nd period - Pavel Datsyuk wins face-off versus Joe Pavelski in Jets zone.
12:24 of 2nd period - Shot by Pavel Datsyuk.
12:24 of 2nd period - Shot Blocked by Joe Pavelski.
12:38 of 2nd period - Shot by Vladimir Tarasenko.
12:38 of 2nd period - Goal by Vladimir Tarasenko - Jets : 1 - Panthers : 3.
12:39 of 2nd period - Nick Bonino wins face-off versus Jori Lehtera in neutral zone.
12:44 of 2nd period - Shot by Tyler Myers.
12:44 of 2nd period - Shot Blocked by Danny DeKeyser.
13:24 of 2nd period - Minor Penalty to Marko Dano for Hooking.
13:25 of 2nd period - Riley Nash wins face-off versus Joe Pavelski in Panthers zone.
14:11 of 2nd period - Shot by Hampus Lindholm.
14:11 of 2nd period - Stopped by Semyon Varlamov with a rebound.
14:24 of 2nd period - Tyler Myers is hit by Danny DeKeyser and loses puck.
14:39 of 2nd period - Shot by Frans Nielsen.
14:39 of 2nd period - Stopped by Semyon Varlamov without a rebound.
14:40 of 2nd period - David Krejci wins face-off versus Riley Nash in Panthers zone.
15:38 of 2nd period - Minor Penalty to Curtis Glencross for High sticking.
15:39 of 2nd period - Joe Pavelski wins face-off versus Eric Nystrom in Panthers zone.
16:17 of 2nd period - Shot by Joe Pavelski.
16:17 of 2nd period - Deflect By Jamie Benn.
16:17 of 2nd period - Shot Misses the Net.
16:19 of 2nd period - Shot by Joe Pavelski.
16:19 of 2nd period - Shot Misses the Net.
16:21 of 2nd period - Shot by Tyler Myers.
16:21 of 2nd period - Shot Blocked by Pavel Datsyuk.
16:23 of 2nd period - Shot by Jamie Benn.
16:23 of 2nd period - Stopped by Semyon Varlamov without a rebound.
16:24 of 2nd period - David Krejci wins face-off versus Riley Nash in Panthers zone.
16:54 of 2nd period - Shot by Frans Nielsen.
16:54 of 2nd period - Shot Blocked by Danny DeKeyser.
17:05 of 2nd period - Icing by Brent Seabrook.
17:06 of 2nd period - Joe Pavelski wins face-off versus Pavel Datsyuk in Jets zone.
17:13 of 2nd period - Shot by Jamie Benn.
17:13 of 2nd period - Shot Misses the Net.
17:59 of 2nd period - Shot by Jori Lehtera.
17:59 of 2nd period - Shot Misses the Net.
18:01 of 2nd period - Shot by Jori Lehtera.
18:01 of 2nd period - Shot Misses the Net.
18:03 of 2nd period - Shot by Jeff Petry.
18:03 of 2nd period - Shot Misses the Net.
18:53 of 2nd period - Hampus Lindholm is hit by Pavel Datsyuk and loses puck.
Goals for this period are 1 for Jets vs 1 for Panthers.
Shots for this period are 9 for Jets vs 8 for Panthers.

3rd period


0:01 of 3rd period - Pavel Datsyuk wins face-off versus Joe Pavelski in neutral zone.
0:12 of 3rd period - Marc Staal is hit by Joe Pavelski and loses puck.
0:29 of 3rd period - Shot by Joe Pavelski.
0:29 of 3rd period - Deflect By Brad Marchand.
0:29 of 3rd period - Stopped by Semyon Varlamov without a rebound.
0:30 of 3rd period - Nathan MacKinnon wins face-off versus David Krejci in Panthers zone.
0:30 of 3rd period - Nathan MacKinnon is hit by David Krejci.
0:31 of 3rd period - Minor Penalty to Jamie Benn for Roughing.
0:32 of 3rd period - Frans Nielsen wins face-off versus Nathan MacKinnon in Jets zone.
0:58 of 3rd period - Shot by Marc Staal.
0:58 of 3rd period - Stopped by Cory Schneider without a rebound.
0:59 of 3rd period - Pavel Datsyuk wins face-off versus Nick Bonino in Jets zone.
1:19 of 3rd period - Shot by Justin Braun.
1:19 of 3rd period - Stopped by Cory Schneider without a rebound.
1:20 of 3rd period - Nathan MacKinnon wins face-off versus Frans Nielsen in Jets zone.
1:30 of 3rd period - Icing by Blake Wheeler.
1:31 of 3rd period - Patrick Kane wins face-off versus Frans Nielsen in Panthers zone.
1:51 of 3rd period - Shot by Patrick Kane.
1:51 of 3rd period - Deflect By Nathan MacKinnon.
1:51 of 3rd period - Shot Misses the Net.
1:53 of 3rd period - Shot by T.J. Brodie.
1:53 of 3rd period - Shot Misses the Net.
2:38 of 3rd period - Shot by Curtis Glencross.
2:38 of 3rd period - Stopped by Cory Schneider without a rebound.
2:39 of 3rd period - Pavel Datsyuk wins face-off versus Joe Pavelski in Jets zone.
3:05 of 3rd period - Off-side.
3:06 of 3rd period - David Krejci wins face-off versus Marko Dano in neutral zone.
3:13 of 3rd period - Shot by Jamie Benn.
3:13 of 3rd period - Shot Misses the Net.
3:19 of 3rd period - Cam Atkinson is hit by Marko Dano and loses puck.
4:08 of 3rd period - Shot by Patrick Kane.
4:08 of 3rd period - Shot Blocked by Joe Pavelski.
4:19 of 3rd period - Icing by Hampus Lindholm.
4:20 of 3rd period - Joe Pavelski wins face-off versus Pavel Datsyuk in Jets zone.
4:27 of 3rd period - Shot by Kyle Okposo.
4:27 of 3rd period - Stopped by Semyon Varlamov without a rebound.
4:28 of 3rd period - Nick Bonino wins face-off versus Pavel Datsyuk in Panthers zone.
4:28 of 3rd period - Tyler Myers is hit by Marc Staal and loses puck.
4:37 of 3rd period - Shot by Jason Zucker.
4:37 of 3rd period - Deflect By Patrick Eaves.
4:37 of 3rd period - Shot Blocked by Marc Staal.
4:40 of 3rd period - Icing by Marc Staal.
4:41 of 3rd period - Brad Marchand wins face-off versus Pavel Datsyuk in Panthers zone.
4:41 of 3rd period - Brad Marchand is hit by Marc Staal.
4:45 of 3rd period - Shot by Joe Pavelski.
4:45 of 3rd period - Stopped by Semyon Varlamov without a rebound.
4:46 of 3rd period - Nathan MacKinnon wins face-off versus Joe Pavelski in Panthers zone.
4:46 of 3rd period - Nathan MacKinnon is hit by Brad Marchand.
4:49 of 3rd period - Minor Penalty to Brad Marchand for Holding.
4:50 of 3rd period - Pavel Datsyuk wins face-off versus Nick Bonino in Jets zone.
5:34 of 3rd period - Shot by T.J. Brodie.
5:34 of 3rd period - Shot Misses the Net.
5:36 of 3rd period - Shot by T.J. Brodie.
5:36 of 3rd period - Shot Misses the Net.
6:56 of 3rd period - Shot by Joe Pavelski.
6:56 of 3rd period - Stopped by Semyon Varlamov without a rebound.
6:57 of 3rd period - Jori Lehtera wins face-off versus Joe Pavelski in Panthers zone.
7:16 of 3rd period - Shot by Brad Marchand.
7:16 of 3rd period - Shot Misses the Net.
7:32 of 3rd period - Shot by Brad Marchand.
7:32 of 3rd period - Shot Misses the Net.
7:34 of 3rd period - Shot by Joe Pavelski.
7:34 of 3rd period - Shot Misses the Net.
8:56 of 3rd period - Shot by Vladimir Tarasenko.
8:56 of 3rd period - Stopped by Cory Schneider without a rebound.
8:57 of 3rd period - Pavel Datsyuk wins face-off versus Joe Pavelski in Jets zone.
9:19 of 3rd period - Shot by Pavel Datsyuk.
9:19 of 3rd period - Stopped by Cory Schneider without a rebound.
9:20 of 3rd period - Jori Lehtera wins face-off versus Nick Bonino in Jets zone.
10:52 of 3rd period - Shot by Brad Marchand.
10:52 of 3rd period - Shot Blocked by Justin Braun.
10:54 of 3rd period - Shot by Brad Marchand.
10:54 of 3rd period - Goal by Brad Marchand - Jets : 2 - Panthers : 3.
10:55 of 3rd period - David Krejci wins face-off versus Pavel Datsyuk in neutral zone.
11:32 of 3rd period - Shot by Jamie Benn.
11:32 of 3rd period - Stopped by Semyon Varlamov without a rebound.
11:33 of 3rd period - Nick Bonino wins face-off versus Jori Lehtera in Panthers zone.
11:34 of 3rd period - Shot by Patrick Eaves.
11:34 of 3rd period - Shot Blocked by T.J. Brodie.
11:36 of 3rd period - Shot by Hampus Lindholm.
11:36 of 3rd period - Shot Misses the Net.
11:38 of 3rd period - Shot by Nick Bonino.
11:38 of 3rd period - Stopped by Semyon Varlamov without a rebound.
11:39 of 3rd period - Nathan MacKinnon wins face-off versus Joe Pavelski in Panthers zone.
12:13 of 3rd period - Shot by Blake Wheeler.
12:13 of 3rd period - Stopped by Cory Schneider without a rebound.
12:14 of 3rd period - David Krejci wins face-off versus Pavel Datsyuk in Jets zone.
12:35 of 3rd period - Marc Staal is hit by David Krejci and loses puck.
12:58 of 3rd period - Tyler Myers is hit by Marc Staal and loses puck.
13:35 of 3rd period - Icing by Tobias Enstrom.
13:36 of 3rd period - Joe Pavelski wins face-off versus Nathan MacKinnon in Jets zone.
13:53 of 3rd period - Icing by Hampus Lindholm.
13:54 of 3rd period - Kyle Okposo wins face-off versus Jori Lehtera in Jets zone.
14:35 of 3rd period - Minor Penalty to Patrick Eaves for Tripping.
14:36 of 3rd period - Nathan MacKinnon wins face-off versus Frans Nielsen in Jets zone.
14:40 of 3rd period - Minor Penalty to Blake Wheeler for Slashing.
14:40 of 3rd period - Minor Penalty to Frans Nielsen for Hooking.
14:41 of 3rd period - Nick Bonino wins face-off versus Jori Lehtera in neutral zone.
14:58 of 3rd period - Shot by Vladimir Tarasenko.
14:58 of 3rd period - Shot Blocked by Nick Bonino.
15:04 of 3rd period - Shot by Jori Lehtera.
15:04 of 3rd period - Stopped by Cory Schneider without a rebound.
15:05 of 3rd period - Nick Bonino wins face-off versus Jori Lehtera in Jets zone.
15:42 of 3rd period - Marc Staal is hit by Hampus Lindholm and loses puck.
16:53 of 3rd period - Shot by Joe Pavelski.
16:53 of 3rd period - Deflect By Kyle Okposo.
16:53 of 3rd period - Shot Misses the Net.
16:55 of 3rd period - Shot by Kyle Okposo.
16:55 of 3rd period - Shot Misses the Net.
17:06 of 3rd period - Off-side.
17:07 of 3rd period - Riley Nash wins face-off versus David Krejci in neutral zone.
18:00 of 3rd period - Shot by Joe Pavelski.
18:00 of 3rd period - Stopped by Semyon Varlamov without a rebound.
18:01 of 3rd period - Joe Pavelski wins face-off versus Nathan MacKinnon in Panthers zone.
18:01 of 3rd period - Joe Pavelski is hit by Marc Staal.
18:17 of 3rd period - Joe Pavelski is hit by Blake Wheeler and loses puck.
18:42 of 3rd period - Shot by Nathan MacKinnon.
18:42 of 3rd period - Stopped by Cory Schneider without a rebound.
18:43 of 3rd period - Nick Bonino wins face-off versus Pavel Datsyuk in Jets zone.
18:43 of 3rd period - Nick Bonino is hit by Vladimir Tarasenko.
19:03 of 3rd period - Jets, Cory Schneider is pulled from the net.
19:03 of 3rd period - Shot by Nick Bonino.
19:03 of 3rd period - Stopped by Semyon Varlamov without a rebound.
19:04 of 3rd period - Pavel Datsyuk wins face-off versus Joe Pavelski in Panthers zone.
19:25 of 3rd period - Shot by Blake Wheeler.
19:25 of 3rd period - Goal by Blake Wheeler - Jets : 2 - Panthers : 4.
19:25 of 3rd period - Cory Schneider from Jets was sent back in the game.
19:26 of 3rd period - Nick Bonino wins face-off versus Jori Lehtera in neutral zone.
19:52 of 3rd period - Nick Bonino is hit by Jeff Petry and loses puck.
19:59 of 3rd period - Shot by Jason Zucker.
19:59 of 3rd period - Stopped by Semyon Varlamov with a rebound.
Goals for this period are 1 for Jets vs 1 for Panthers.
Shots for this period are 10 for Jets vs 9 for Panthers.